Match 46905553
Unlisted

Match 46905553
End
Panzergrenadier Squad
Selects Armored Support Battlegroup
250 Light Carrier
Panzergrenadier Squad
Panzergrenadier Squad
Construct Light Support Kompanie
Fire Support Elements
Flakvierling Half-track
2.5-tonne Medical Truck
Selects Superior Fire Drills
Vehicle Survival Package
Pak 38 Mechanized Group
Combat Half-tracks
Construct Panzerarmee Kommand
Panzer III L Medium Tank
Pak 38 Mechanized Group
Selects Salvage Kits
Selects Panzer Storm
Rapid Advance
Tungsten Core Ammunition
Armored Reserves
Emergency Repair Kits
2.5-tonne Medical Truck
Selects Stuka Anti-tank Loiter
Panzer IV Assault Group
Walking Stuka Rocket Launcher
UH|dun! ツ
UH|ck
UH|XTC
iceman
FallofMan
SWEET ROLLER
The Cisco Kid
tural436
0
0

Comments sign in to comment!

No comments posted yet!